Cogmind - Beta 12 @@@ ROGUE MODE // 2023.06.14 @ 22:51:55 Player: skigear Result: Destroyed by as-59938 with Assembled Heavy Rifle Performance ------------- Evolutions (0) 0 Regions Visited (0) 0 Robots Destroyed (0) 0 Value Destroyed (0) 0 Prototype IDs (0) 0 Alien Tech Used (0) 0 Bonus (0) 0 TOTAL SCORE: 0 Bonus ------- None Cogmind --------- Core Integrity 0/250 Matter 287/300 Energy 99/100 System Corruption 1% Temperature Cool (0) Movement Core (100) Ox1 Location -11/Junkyard Parts ------- > --- POWER (1) -------- (None) > --- PROPULSION (2) --- (None) > --- UTILITY (2) ------ Small Storage Unit > --- WEAPON (2) ------- (None) > --- INVENTORY (8) ---- Light Ion Engine Light Treads Compact Wheel EM Pulse Gun Peak State ------------ > --- POWER ------------ Ion Engine > --- PROPULSION ------- Light Treads Wheel > --- UTILITY ---------- Small Storage Unit > --- WEAPON ----------- Medium Laser Assault Rifle > --- INVENTORY -------- Light Ion Engine Light Treads Compact Wheel EM Pulse Gun [Rating: 6] Favorites ----------- Power Ion Engine Engine Ion Engine Propulsion Light Treads Treads Light Treads Wheel Wheel Utility Small Storage Unit Storage Small Storage Unit Weapon Medium Laser Energy Gun Medium Laser Ballistic Gun Assault Rifle Build | -11 ------- Run | Jun Slots Evolved . | . Power . | . Propulsion . | . Utility . | . Weapon . | . Parts Attached 8 | 8 Power 2 | 2 Engine 2 | 2 Core . | . Reactor . | . Propulsion 3 | 3 Treads 2 | 2 Leg . | . Wheel 1 | 1 Hover . | . Flight . | . Utility 1 | 1 Device . | . Storage 1 | 1 Processor . | . Hackware . | . Protection . | . Artifact . | . Weapon 2 | 2 Energy Gun 1 | 1 Energy Cannon . | . Ballistic Gun 1 | 1 Ballistic Cannon . | . Launcher . | . Special Weapon . | . Impact Weapon . | . Slashing Weapon . | . Piercing Weapon . | . Special Melee Weapon . | . Unidentified Prototypes . | . Parts Lost 5 | 5 Power 1 | 1 Propulsion 2 | 2 Utility . | . Weapon 2 | 2 Highest Loss Streak 5 | 5 To Critical Strikes . | . Average Slot Usage (%) . | . Naked Turns . | . Heaviest Build 14 | 14 Greatest Support 10 | 10 Greatest Overweight (x) 3 | 3 Average Overweight (x) 1 | 1 Largest Inventory Capacity 8 | 8 Average Capacity 7 | 7 Most Carried 8 | 8 Average Carried 4 | 4 Final Capacity 8 | 8 Final Carried 4 | 4 Class Distribution -------------------- None Dominant Class ---------------- None Resources | -11 ----------- Run | Jun Matter Collected 242 | 242 Remotely . | . Salvage Created . | . Parts . | . Haulers Intercepted . | . Recyclers Shooed . | . Parts Field Recycled . | . Retrieved Matter . | . Parts Self-Destructed . | . Prevented . | . Kills | -11 ------- Run | Jun Combat Hostiles Destroyed . | . Classes Destroyed . | . Best Kill Streak . | . Combat Bots Only . | . Max Kills in Single Turn . | . Gunslinging . | . Exploded . | . Melee . | . Uniques/NPCs Destroyed . | . Combat | -11 -------- Run | Jun Damage Taken 730 | 730 Core 252 | 252 Absorbed by Shields . | . Core Remaining (%) . | . Volleys Fired 1 | 1 Largest 1 | 1 Hottest 50 | 50 Shots Fired 1 | 1 Gun 1 | 1 Cannon . | . Launcher . | . Special . | . Kinetic . | . Thermal 1 | 1 Explosive . | . Electromagnetic . | . Robot Hit Streak 1 | 1 Robot Miss Streak . | . Penetration Max . | . Secondary Targets . | . Shots Hit Robots 1 | 1 Core Hits . | . Critical Kills . | . Critical Parts Destroyed . | . Critical Strikes . | . Melee Attacks . | . Impact . | . Slashing . | . Piercing . | . Sneak Attacks . | . Combat Hostiles . | . Follow-up Attacks . | . Damage Inflicted 12 | 12 Guns 12 | 12 Cannons . | . Explosions . | . Melee . | . Ramming . | . Kinetic . | . Thermal 12 | 12 Explosive . | . Electromagnetic . | . Impact . | . Slashing . | . Piercing . | . Highest Corruption 1 | 1 Average Corruption 1 | 1 Corruption Purged . | . Corruption Blocked . | . Overload Shots . | . Overflow Damage . | . Projectiles . | . Explosions . | . Melee . | . Knockbacks . | . Impact . | . Kinetic . | . Secondary . | . Self-Inflicted Damage . | . Shots . | . Rammed . | . Targets Rammed . | . Kicked . | . Crushed . | . Highest Temperature 25 | 25 Average Temperature 25 | 25 Received Heat Transfer 20 | 20 Siege Activations . | . Robots Corrupted . | . Combat Hostiles . | . Parts Fried . | . Impact Corruptions . | . Robots Melted . | . Combat Hostiles . | . Parts Melted . | . Heat Transferred 37 | 37 Parts Sabotaged . | . Parts Stolen . | . Parts Stripped . | . Power Chain Reactions . | . Missiles Intercepted . | . Alert | -11 ------- Run | Jun Peak Influence . | . Initial . | . Average . | . Maximum Alert Level . | . Low Security (%) 100 | 100 Level 1 . | . Level 2 . | . Level 3 . | . Level 4 . | . Level 5 . | . High Security . | . Max Security . | . Squads Dispatched . | . Investigation . | . Extermination . | . Reinforcement . | . Assault . | . Garrison . | . Intercept . | . Searches Triggered . | . Construction Impeded . | . Haulers Reinforced . | . Active Scanning Responses . | . Cargo Convoy Interrupts . | . Stealth | -11 --------- Run | Jun Distress Signals . | . Communications Jammed . | . Distress Signals . | . Times Spotted 23 | 23 Peak Tracking Total 21 | 21 Tactical Retreats 1 | 1 Traps | -11 ------- Run | Jun Traps Triggered . | . Indirectly . | . Trap Hack Attempts . | . Triggered . | . Disarmed . | . Reprogrammed . | . Reused . | . Traps Extracted . | . Installed . | . Triggered . | . Machines | -11 ---------- Run | Jun Machines Disabled . | . Max in Single Turn . | . Machines Repaired . | . Machines Sabotaged . | . Overloaded Fab Kills . | . Hacking | -11 --------- Run | Jun Machines Accessed . | . Terminals . | . Fabricators . | . Repair Stations . | . Recycling Units . | . Scanalyzers . | . Garrison Access . | . Total Hacks . | . Successful . | . Failed . | . Catastrophic . | . Database Lockouts . | . Manual . | . Terminals . | . Fabricators . | . Repair Stations . | . Recycling Units . | . Scanalyzers . | . Garrison Access . | . Terminal Hacks . | . Fabricator Hacks . | . Repair Station Hacks . | . Recycling Unit Hacks . | . Scanalyzer . | . Garrison Access Hacks . | . Unauthorized Hacks . | . Terminals . | . Fabricators . | . Repair Stations . | . Recycling Units . | . Scanalyzers . | . Garrison Access . | . Data Cores Recovered . | . Used . | . Hacking Detections . | . Full Trace Events . | . Feedback Events . | . Feedback Blocked . | . Robot Schematics Acquired . | . Robots Built . | . Authchips . | . Time . | . Total Robot Build Rating . | . Part Schematics Acquired . | . Parts Built . | . Authchips . | . Time . | . Total Part Build Rating . | . Parts Repaired . | . Time . | . Parts Recycled . | . Recycled Matter . | . Retrieved Matter . | . Retrieved Components . | . Parts Scanalyzed . | . Part Schematics Acquired . | . Parts Damaged . | . Bothacking | -11 ------------ Run | Jun Used RIF Installer . | . Robots Hacked . | . Non-combat . | . Combat . | . Robot Hacks Applied . | . Relay Couplers Released . | . Fabnet Peak Effective % . | . Robots Rewired . | . Allies Hacked . | . Hacks Repelled . | . Allies | -11 -------- Run | Jun Total Allies . | . Largest Group . | . Highest-Rated Group . | . Highest-Rated Ally . | . Total Orders . | . Ally Attacks . | . Total Damage . | . Kills . | . Allies Corrupted . | . Allies Melted . | . Intel | -11 ------- Run | Jun Robot Analysis Total . | . Derelict Logs Recovered . | . Drone Launches . | . Drone Recoveries . | . Exploration | -11 ------------- Run | Jun Turns Passed 1792 | 1792 Spaces Moved 188 | 188 Core 30 | 30 Treads . | . Legs . | . Wheels 158 | 158 Hover . | . Flight . | . Fastest Speed 50 | 50 Average Speed 102 | 102 Slowest Speed 200 | 200 Overloaded Moves . | . Propulsion Burnouts . | . Robots Hopped . | . Cave-ins Triggered . | . Exploration Rate (%) 20 | 20 Regions Visited . Branch Regions . Pre-discovered Areas . | . Known Exits Taken . | . Unknown Exits Taken . | . Scrap Searched . | . Spaces Dug . | . Terrain Destroyed . | . Melee . | . Projectile . | . AOE . | . Terrain Rammed . | . Walls Destroyed . | . Machines Disabled . | . Actions | -11 --------- Run | Jun Total 1786 | 1786 Wait 1579 | 1579 Move 188 | 188 Hop . | . Pick Up 10 | 10 Fast Attach . | . Attach 6 | 6 Detach . | . Swap 2 | 2 Drop . | . Fire 1 | 1 Melee . | . Ram . | . Kick . | . Crush . | . Escape Stasis . | . Rewire . | . Trap . | . Miscellaneous . | . Route ------- -11/Junkyard (discovered 1 exit: [*Mat]) History --------- Turn | Location | Event 2 | -11/Junkyard | Discovered new exit (range 16) 1759 | -11/Junkyard | Assembled infested the area 1791 | -11/Junkyard | Core integrity fell below 50% 1793 | -11/Junkyard | Core integrity fell below 20% 1793 | -11/Junkyard | Destroyed by as-59938 with Assembled Heavy Rifle Last Messages --------------- 01786_ D-53 Grenadier unfolds itself. 01787_ K-01 Serf collects debris. 01787_ Assault Rifle destroyed. 01789_ Lgt. Treads destroyed. 01789_ Med. Laser destroyed. 01789_ System corrupted by crushing effect (+1). 01789_ Ion Engine destroyed. 01790_ Wheel destroyed. 01790_ as-42520 destroyed. 01790_ as-91303 destroyed. 01790_ as-60347 destroyed. 01790_ as-65192 destroyed. 01790_ as-15221 destroyed. 01790_ as-02815 destroyed. 01790_ as-78456 destroyed. 01790_ as-02795 destroyed. 01790_ K-01 Serf collects debris. 01793_ as-69419 destroyed. 01793_ as-92001 destroyed. 01793_ as-37410 destroyed. Map ----- +----------------------------------------------------+ | ??????????????????????????????????????????????? | | ??????????????????????????????????????????????? | | ?????????????????????????????????????##??##???? | | ??????????????????????????????????## "## #???? | | ??????????????????????????????????# " ???? | | ??????????????????????????????????# " ????? | | ??????????????????????????????????? " ????? | | ???????????????????????????????????? " ????? | | ???????????????????????????????????? " ?????? | | ????????????????????????????????????? ?????? | | ?????????????????????????????????????# #?##### | | ?????????????????????????????????????# =#? # | | ?????????????????????????????????????#!%# # | | ??????????????????????????????######## =# # | | ???????????????????????????# # | | ???????????????????????????# # # # | | ???????????????????????????# ?#% # # | | ???????????????????????????# ??# #? # | | ???????????????????????????# ????# #? # | | ???????????????????????????# ?????# #?? # | | ???????????????????????????# ??????# #?? # | | ?????????????????????##????# ????????# #??? # | | ???????????????????### ###?#?????????# #??? # | | ?????????????????### ##??????????# #????## | | ?????????????????# #?????????## ##????? | | ?????????????????## @########### #????? | | ?????????????????# % a #????? | | ?????????????????## a a a #????? | | ?????????????????# a ####### ### #????? | | ?????????????????## #?????###?######????? | | ??????????????????# ####???????????????????? | | ??????????????????# ??????????????????????? | | ??????????????????# d ??????????????????????? | | ????????? ????????# d #?????????????????????? | | ???????? ????????# #?????????????????????? | | ??####? ?????????# ###?????????????????????? | | ?? #? ??????????## #???????????????????????? | | ?? # ???????????# #???????????????????????? | | ??# # ????????????#% #???????????????????????? | | ??# ?????????????#" #???????????????????????? | | ??# #?????????????# #???????????????????????? | | ??# #????????????## ##??????????????????????? | | ### ####?????????# ##############?????????? | | #?????????# #?????????? | | #?????????# #?????????? | | ########??# ########### #?????????? | | #??######?????????# #?????????? | | #?????????????????# #?????????? | | ##### #?????????????????# #?????????? | | < #???# #?????????????????# #?????????? | +----------------------------------------------------+ Best States ------------- Heat Dissipation 25 Energy Generation 10 Energy Capacity 250 Matter Stores 282 Matter Capacity 300 Sight Range 16 Terrain Scan Density 10 Evasion (%) 41 Item Schematics ----------------- None Robot Schematics ------------------ None Fabricated ------------ Nothing Alien Tech Used ----------------- None Achievements -------------- Curiosity Killed The Cat Hunted Challenges ------------ None Game ------ Seed TiamatLightpackDesublimator Manual? 0 Play Time 00:05:44 Cumulative 28.6 hours Start 2023.06.14 @ 22:48:20 End 2023.06.14 @ 22:51:55 Sessions 0 Manual Loads 0 Difficulty Rogue Special Mode None Game No. 18 Rogue 18 Adventurer 0 Explorer 0 Win Type - Total 0 Types 0/0/0/0/0/0/0/0/0 Lore% 28 Gallery% 32 Achievement% 32 Wizard Run 0 Options --------- ASCII 0 Keyboard 0 Movement Mouse Keybinds 0 Fullscreen 1 Font 24/Smallcaps Map View 76x50 Tactical HUD 1 Map Filters NONE Filters NONE Steam 1 RUN: c033f9ef-877a-4355-9264-c9f65ec5de35